 Dungeon Crawl Stone Soup version 0.26-a0-810-ge1a9524b62 (webtiles) character file.

Game seed: 13465964962798002197

11933 mattiecakes the Fighter (level 11, -1/72 HPs)
             Began as a Gargoyle Fighter on Nov 13, 2020.
             Was a High Priest of Okawaru.
             Slain by Maurice
             ... wielding a +0 short sword
              (5 damage)
             ... on level 11 of the Dungeon.
             The game lasted 00:25:36 (11784 turns).

mattiecakes the Fighter (Gargoyle Fighter)         Turns: 11784, Time: 00:25:42

Health: -1/72      AC: 27    Str: 23    XL:     11   Next: 85%
Magic:  13/16      EV:  4    Int:  9    God:    Okawaru [*****.]
Gold:   565        SH: 18    Dex: 15    Spells: 10/10 levels left

rFire    . . .     SeeInvis .   a - +1 broad axe (vorpal)
rCold    . . .     Faith    .   L - +0 tower shield
rNeg     + . .     Spirit   .   t - +0 plate armour (curse)
rPois    ∞         Reflect  .   r - +0 helmet
rElec    +         Harm     .   k - +1 cloak {rCorr}
rCorr    +         Rampage  .   (no gloves)
MR       .....                  o - +0 pair of boots
Stlth    ..........             C - amulet of the acrobat
HPRegen  0.22/turn              y - +6 ring of dexterity
MPRegen  0.15/turn              (no ring)

@: no status effects
A: negative energy resistance 1, electricity resistance, unbreathing,
petrification resistance, rot immunity, AC +8
a: Heroism, Finesse, Renounce Religion


You were on level 11 of the Dungeon.
You worshipped Okawaru.
Okawaru was extremely pleased with you.
You visited 2 branches of the dungeon, and saw 12 of its levels.

You collected 565 gold pieces.

Inventory:

Hand Weapons
 a - a +1 vorpal broad axe (weapon)
 b - a +2 hand axe of flaming
Armour
 k - a +1 cloak of preservation (worn)
 o - a +0 pair of boots (worn)
 r - a +0 helmet (worn)
 t - a cursed +0 plate armour (worn)
 L - a +0 tower shield (worn)
Jewellery
 y - a +6 ring of dexterity (left hand)
 C - an amulet of the acrobat (around neck)
 K - an uncursed ring of fire
Wands
 c - a wand of iceblast (6)
 B - a wand of digging (6)
 D - a wand of flame (15)
 G - a wand of paralysis (9)
 I - a wand of disintegration (7)
Scrolls
 e - 3 scrolls of fear
 f - 5 scrolls of remove curse
 g - 4 scrolls of enchant weapon
 h - 4 scrolls of amnesia
 m - a scroll of brand weapon
 p - 4 scrolls of magic mapping
 q - 2 scrolls of fog
 s - a scroll of teleportation
 u - 2 scrolls of enchant armour
 F - 3 scrolls of identify
 H - a scroll of vulnerability
Potions
 d - 4 potions of might
 i - a potion of lignification
 j - a potion of resistance
 l - a potion of haste {unknown}
 n - 3 potions of heal wounds
 v - a potion of degeneration
 w - a potion of mutation
 x - 3 potions of flight
 z - 5 potions of curing
 A - 3 potions of brilliance
 E - a potion of attraction


   Skills:
 + Level 10.1 Fighting
 + Level 8.2 Axes
 + Level 10.1 Armour
 + Level 10.1 Shields
 + Level 6.8 Invocations


You had 10 spell levels left.
You didn't know any spells.
Your spell library contained the following spells:

 Spells                   Type           Power        Failure   Level
 Confusing Touch          Hex            #.......     100%        3
 Gell's Gravitas          Tloc           #.........   100%        3
 Petrify                  Tmut/Erth      #.......     100%        4
 Metabolic Englaciation   Hex/Ice        #.........   100%        5
 Yara's Violent Unravell  Hex/Tmut       #.........   100%        5


Dungeon Overview and Level Annotations

Branches:
Dungeon (11/15)            Temple (1/1) D:7            Lair (0/6) D:11
    Orc (0/2) D:10

Altars:
Ashenzari
Cheibriados
Dithmenos
Elyvilon
Fedhas
Gozag
Hepliaklqana
Kikubaaqudgha
Makhleb
Nemelex Xobeh
Okawaru
Qazlal
Ru
Sif Muna
Trog
Uskayaw
Vehumet
Wu Jian
Xom
Yredelemnul
Zin
The Shining One

Shops:
D:10 *

Annotations:
D:11 Maurice


Innate Abilities, Weirdness & Mutations

You are resistant to torment.
Your stone body is resilient. (AC +8)
You are immune to poison.
You resist negative energy. (rN+)
You are resistant to electric shocks. (rElec)
You can survive without breathing.
You are immune to petrification.
You are immune to rotting.


Message History

Unknown command.
You feel much better. You block the boulder beetle's attack.
You block Maurice's attack.
You completely miss the boulder beetle.
The boulder beetle is severely wounded.
You hit Maurice. You block the boulder beetle's attack.
Maurice zaps a wand.
The puff of flame hits you.
You hit the boulder beetle.
The boulder beetle is severely wounded.
You closely miss Maurice. The boulder beetle bites you!
* * * LOW HITPOINT WARNING * * *
Maurice hits you but does no damage. The boulder beetle bites you!
* * * LOW HITPOINT WARNING * * *
You slice the boulder beetle!!
You kill the boulder beetle!
Okawaru is honoured by your kill.
Your shield and plate armour prevent you from hitting Maurice.
Maurice gestures wildly while chanting.
Maurice flickers and vanishes!
Something hits you.
You die...

########### ###############
....$...... #........°°...#
........... #.†○@l.B°.....#
........... ##†###........#
###...########..@.#.........
#........#...#..{.#.........
#........#...#....#.........
#..#'######..#....#........#
...#...#..#..#....#........#
...#...#..#.††....#........#
...#..(#..#..##'###
...#.(.#..#..#....#
#####(##'##..#....#


There were no monsters in sight!

Vanquished Creatures
  Harold (D:7)
  A boulder beetle (D:11)
  A two-headed ogre (D:8)
  A manticore (D:11)
  A cyclops (D:9)
  A centaur zombie (D:10)
  Grinder (D:4)
  A hornet (D:10)
  10 yaks
  Menkaure (D:6)
  Edmund (D:4)
  A soldier ant (D:10)
  A water moccasin (D:10)
  Duvessa (D:7)
  5 orc warriors
  2 black bears
  An ice beast (D:5)
  2 sky beasts
  4 ogres
  3 phantoms
  13 centaurs
  Blork the orc (D:4)
  6 bullfrogs
  Dowan (D:7)
  A scorpion (D:7)
  A water moccasin skeleton (D:6)
  14 killer bees
  17 wights
  2 jellies
  7 howler monkeys
  A quasit (D:9)
  2 bullfrog zombies
  5 hounds
  Crazy Yiuf (D:6)
  5 orc priests
  2 bullfrog skeletons
  11 orc wizards
  6 iguanas
  8 worker ants
  A hound skeleton (D:5)
  Robin (D:2)
  A howler monkey skeleton (D:6)
  2 howler monkey zombies
  A worker ant zombie (D:11)
  18 gnolls
  12 adders
  2 shadow imps
  3 white imps
  3 ufetubi
  2 oozes (D:4)
  2 adder zombies
  2 worms
  2 dart slugs (D:1)
  6 leopard geckos
  32 orcs
  3 ball pythons
  4 bats
  8 giant cockroaches
  18 goblins
  10 hobgoblins
  10 jackals
  7 quokkas
  4 frilled lizards
  12 kobolds
  A leopard gecko zombie (D:4)
  A quokka skeleton (D:5)
  11 rats
323 creatures vanquished.

Vanquished Creatures (others)
  4 fungi (D:6)
4 creatures vanquished.

Grand Total: 327 creatures vanquished

Notes
Turn   | Place    | Note
-------+----------+-------------------------------------------
     0 | D:1      | mattiecakes the Gargoyle Fighter began the quest for the
                  | Orb.
     0 | D:1      | Reached XP level 1. HP: 14/14 MP: 1/1
    78 | D:1      | Reached XP level 2. HP: 19/19 MP: 2/2
   690 | D:1      | Reached XP level 3. HP: 23/23 MP: 3/3
  1278 | D:2      | Noticed Robin
  1285 | D:2      | Killed Robin
  1285 | D:2      | Reached XP level 4. HP: 21/29 MP: 4/4
  2158 | D:3      | Reached XP level 5. HP: 26/33 MP: 5/5
  2763 | D:4      | Noticed Blork the orc
  2773 | D:4      | Killed Blork the orc
  2773 | D:4      | Reached XP level 6. HP: 7/39 MP: 6/6
  3031 | D:4      | Found a glowing golden altar of the Shining One.
  3524 | D:5      | Entered Level 5 of the Dungeon
  3525 | D:5      | Noticed Grinder
  3530 | D:5      | Noticed an ice beast
  3536 | D:5      | Killed an ice beast
  3536 | D:5      | Paralysed by Grinder for 4 turns
  3546 | D:4      | Paralysed by Grinder for 2 turns
  3557 | D:4      | Reached skill level 5 in Shields
  3571 | D:4      | Paralysed by Grinder for 5 turns
  3582 | D:4      | Killed Grinder
  3582 | D:4      | Reached skill level 5 in Fighting
  3582 | D:4      | Reached skill level 5 in Armour
  3582 | D:4      | Reached XP level 7. HP: 28/44 MP: 7/7
  3767 | D:5      | Noticed Edmund
  3970 | D:4      | Killed Edmund
  4234 | D:5      | Reached XP level 8. HP: 48/51 MP: 8/8
  5286 | D:6      | Reached skill level 5 in Axes
  5530 | D:6      | Noticed Menkaure
  5541 | D:6      | Killed Menkaure
  5605 | D:6      | Reached XP level 9. HP: 18/56 MP: 9/9
  6315 | D:6      | Found a runed translucent door.
  6316 | D:6      | Noticed Crazy Yiuf
  6327 | D:6      | Killed Crazy Yiuf
  6508 | D:7      | Found a staircase to the Ecumenical Temple.
  6519 | Temple   | Entered the Ecumenical Temple
  6657 | Temple   | Became a worshipper of Warmaster Okawaru
  6749 | D:7      | Noticed Harold
  6772 | D:7      | Killed Harold
  6772 | D:7      | Reached * piety under Okawaru
  7010 | D:7      | Found an iron altar of Okawaru.
  7031 | D:7      | Noticed Duvessa
  7031 | D:7      | Noticed Dowan
  7040 | D:7      | Killed Duvessa
  7042 | D:7      | Killed Dowan
  7042 | D:7      | Reached XP level 10. HP: 62/64 MP: 10/12
  7593 | D:8      | Noticed a two-headed ogre
  8156 | D:8      | Reached ** piety under Okawaru
  8332 | D:8      | Killed a two-headed ogre
  8647 | D:8      | Reached *** piety under Okawaru
  9048 | D:9      | Noticed a cyclops
  9063 | D:9      | Killed a cyclops
  9418 | D:9      | Reached skill level 5 in Invocations
  9870 | D:9      | Got a slimy trident
  9871 | D:9      | Identified the cursed +0 trident of Resourcefulness {elec,
                  | rElec Int+4} (You found it on level 9 of the Dungeon)
 10074 | D:9      | Found a hide-covered altar of Uskayaw.
 10111 | D:10     | Entered Level 10 of the Dungeon
 10115 | D:10     | Reached XP level 11. HP: 71/71 MP: 14/14
 10251 | D:10     | Found a staircase to the Orcish Mines.
 10287 | D:10     | Reached **** piety under Okawaru
 10749 | D:10     | Found Loev's General Store.
 11229 | D:11     | Noticed Maurice
 11371 | D:11     | Reached ***** piety under Okawaru
 11640 | D:11     | Found a staircase to the Lair.
 11732 | D:11     | Noticed a boulder beetle
 11733 | D:11     | Noticed a manticore
 11746 | D:11     | Reached skill level 10 in Fighting
 11751 | D:11     | Reached skill level 10 in Armour
 11751 | D:11     | Reached skill level 10 in Shields
 11756 | D:11     | Killed a manticore
 11784 | D:11     | Killed a boulder beetle
 11784 | D:11     | Slain by Maurice

Illustrated notes

Levels and vault maps discovered:
D:1:      matt_arrival_los_fun, layout_basic
D:2:      layout_loops_ring, serial_forest, infiniplex_forest_lined_corner,
          infiniplex_forest_lined_room_2, infiniplex_forest_clump_medium,
          infiniplex_forest_lined_room_, infiniplex_forest_lined_1,
          infiniplex_forest_lined_corner, item_on_display_a, uniq_robin
D:3:      layout_rooms, grunt_ministairs_15, minmay_misc_feat_plants,
          minmay_cupped
D:4:      layout_basic, tso_metal_star, uniq_blork_the_orc
D:5:      layout_cave_pods, minivault_24, minmay_door_square, uniq_edmund,
          uniq_grinder
D:6:      minmay_general_purpose_star, layout_cave_pools,
          uniq_crazy_yiuf_cottage, uniq_menkaure
D:7:      layout_rooms, minmay_temple_entry_sparse_star, okawaru_trees_2,
          uniq_harold, uniq_duvessa
D:8:      kennysheep_six_static_rooms, layout_basic
D:9:      layout_loops_corners, kennysheep_little_box
D:10:     layout_irregular_city, orc_0_dummy, serial_shops,
          nicolae_shop_behind_doors, nrook_mini_backslash,
          minmay_misc_feat_four_crosses
D:11:     layout_grid_maze, lair_entry_dummy, uniq_maurice
Temple:   regret_index_temple_sigil_plot

Skill      XL: |  1  2  3  4  5  6  7  8  9 10 11 |
---------------+----------------------------------+-----
Axes           | 2 3 4 5 6 7 8 |  8.2
Armour         | 4 5 7 8 9 10 | 10.1
Shields        | 4 5 6 8 9 10 | 10.1
Fighting       | 4 5 6 8 9 10 | 10.1
Invocations    | 2 5 6 |  6.8

Action                   |  1- 3 |  4- 6 |  7- 9 | 10-12 || total
-------------------------+-------+-------+-------+-------++-------
Melee: War axe           |   115 |   143 |       |       ||   258
       Broad axe         |       |    43 |   300 |   536 ||   879
Invok: Heroism           |       |       |       |     1 ||     1
       Finesse           |       |       |       |     1 ||     1
Evoke: Wand              |       |       |       |     2 ||     2
  Use: Potion            |       |     2 |       |     6 ||     8
       Scroll            |       |       |    19 |     6 ||    25
Armor: Scale mail        |    65 |   115 |   197 |    21 ||   398
       Skin              |       |     7 |       |       ||     7
       Plate armour      |       |       |       |   381 ||   381
Dodge: Dodged            |    30 |    64 |   115 |   164 ||   373
Block: Kite shield       |    71 |   160 |   268 |   443 ||   942
       Tower shield      |       |       |       |   181 ||   181

Table legend: (Time is in decaauts)
 A = Elapsed time spent in this place.
 B = Non-inter-level travel time spent in this place.
 C = Inter-level travel time spent in this place.
 D = Time resting spent in this place.
 E = Time spent auto-exploring this place.
 F = Levels seen in this place.
 G = Mean time per level.
                   A        B        C        D        E       F      G
               +--------+--------+--------+--------+--------+-----+--------+
         Total |  12298 |  11937 |    361 |   1962 |   7320 |  12 | 1024.8 |
       Dungeon |  12132 |  11798 |    334 |   1962 |   7201 |  11 | 1102.9 |
        Temple |    165 |    138 |     27 |      0 |    119 |   1 |  165.0 |
               +--------+--------+--------+--------+--------+-----+--------+

Top non-repeatable levels by time:
     D:8: 1820 daAuts
     D:4: 1438 daAuts
     D:5: 1277 daAuts
     D:6: 1229 daAuts
     D:9: 1150 daAuts
     D:1: 1050 daAuts
     D:2: 1034 daAuts
    D:10: 990 daAuts
    D:11: 798 daAuts
     D:7: 766 daAuts
     D:3: 577 daAuts
  Temple: 165 daAuts
